 Dungeon Crawl Stone Soup version 0.25-a0-576-g50b708a4c4 (webtiles) character file.

Game seed: 444444612092590694, levelgen mode: deterministic

1642 Flugslaktarn the Cleaver (level 8, -8/74 HPs)
             Began as a Deep Dwarf Fighter on Mar 2, 2020.
             Mangled by an orc warrior
             ... wielding a +0 halberd
              (22 damage)
             ... on level 7 of the Dungeon.
             The game lasted 00:02:19 (3821 turns).

Flugslaktarn the Cleaver (Deep Dwarf Fighter)       Turns: 3821, Time: 00:02:19

Health: -8/74      AC: 11    Str: 22    XL:     8   Next: 67%
Magic:  1/1        EV:  6    Int:  9    God:
Gold:   177        SH: 10    Dex: 12    Spells: 7/7 levels left

rFire    . . .     SeeInvis .   a - +0 war axe
rCold    . . .     Gourm    .   c - +0 kite shield
rNeg     . . .     Faith    .   g - +0 chain mail
rPois    .         Spirit   .   (no helmet)
rElec    .         Reflect  .   t - +0 cloak
rCorr    .         Harm     .   (no gloves)
MR       +....                  (no boots)
Stlth    ..........             (no amulet)
HPRegen  0.00/turn              (no ring)
MPRegen  0.07/turn              (no ring)

@: non-regenerating
A: damage resistance, heal wounds, sense surroundings 1, no regeneration
a: Heal Wounds


You were on level 7 of the Dungeon.
You were not hungry.

You visited 1 branch of the dungeon, and saw 7 of its levels.

You collected 402 gold pieces.
You spent 225 gold pieces at shops.

Inventory:

Hand Weapons
 a - a +0 war axe (weapon)
Armour
 b - a +0 scale mail
 c - a +0 kite shield (worn)
 g - a +0 chain mail (worn)
   (You found it on level 1 of the Dungeon)
 t - a +0 cloak (worn)
   (You took it off Crazy Yiuf on level 5 of the Dungeon)
Jewellery
 s - an uncursed ring of protection from magic {unknown}
   (You found it on level 5 of the Dungeon)
Wands
 k - a wand of enslavement (6)
   (You found it on level 4 of the Dungeon)
 l - a wand of iceblast (3)
   (You took it off Ijyb on level 4 of the Dungeon)
Scrolls
 i - 3 scrolls of magic mapping
 m - 4 scrolls of teleportation {unknown}
 o - 2 scrolls of noise {unknown}
 p - a scroll of enchant armour {unknown}
 q - 2 scrolls of fog {unknown}
 r - a scroll of identify
 v - a scroll of fear {unknown}
 x - a scroll of remove curse
 y - a scroll of acquirement {unknown}
Potions
 d - a potion of might
 f - a potion of mutation {unknown}
 h - a potion of haste
 j - 3 potions of cancellation {unknown}
 n - a potion of curing {unknown}
 u - 2 potions of heal wounds
 w - 2 potions of ambrosia {unknown}
 z - a potion of degeneration {unknown}
 B - a potion of resistance {unknown}
Comestibles
 e - 5 rations
 A - a chunk of flesh


   Skills:
 + Level 5.2 Fighting
 * Level 8.0 Axes
 + Level 6.3 Armour
 + Level 6.3 Shields


You had 7 spell levels left.
You didn't know any spells.
Your spell library was empty.

Dungeon Overview and Level Annotations

Branches:
Dungeon (7/15)             Temple (0/1) D:6

Altars:
Cheibriados
Elyvilon
Qazlal
Ru

Shops:
D:6 !

Annotations:
D:6 3 runed translucent doors, surprisetrex's ghost, novice DrCj


Innate Abilities, Weirdness & Mutations

You are resistant to damage.
You can heal yourself by infusing magical energy.
You passively map a small area around you.
You do not regenerate.


Message History

The orc warrior hits you with a +0 halberd!
You slash the orc warrior!
The orc warrior is heavily wounded.
You block the orc warrior's attack.
You closely miss the orc warrior.
The orc warrior is heavily wounded.
You block the orc warrior's attack.
You closely miss the orc warrior.
The orc warrior is heavily wounded.
You block the orc warrior's attack.
You closely miss the orc warrior.
The orc warrior is heavily wounded.
The orc warrior hits you with a +0 halberd!!
* * * LOW HITPOINT WARNING * * *
You are too injured to fight recklessly!
You are too injured to fight recklessly!
You hit the orc warrior.
The orc warrior is heavily wounded.
The orc warrior hits you with a +0 halberd!!
You die...

#.#.##.##.#..#######.##.#
#.#....#.............. , ,
####.######>.............[*
...............#...####.#.
.###.#......####.######.#..
* #.#.###.............. * *
*, , #.#.# #.#####.####...
* #.#.# #.# #.#..+ ,
*#.#.###.# #@...# ,
,,..#.....# #.o..# , * *
###.....# #....#, * , *
#.....# #....#,, #.###.#
#....# #.# #.# #....#, *
#.###.# #.#+## * ####+#<..#
#.# * #....)).######.# *


You could see an orc warrior.

Vanquished Creatures
  Grinder (D:3)
  A hungry ghost (D:5)
  2 sky beasts
  2 ice beasts
  2 centaurs
  Blork the orc (D:4)
  2 scorpions
  2 howler monkeys
  A crimson imp (D:6)
  Crazy Yiuf (D:5)
  A jelly (D:5)
  A bullfrog skeleton (D:5)
  2 hounds
  An orc priest (D:7)
  2 orc wizards
  Ijyb (D:4)
  An iguana (D:5)
  5 worker ants
  3 gnolls (D:2)
  4 adders
  2 adder skeletons
  A worm (D:4)
  6 leopard geckos
  12 orcs
  A ball python (D:4)
  2 bats
  A giant cockroach (D:4)
  2 goblins
  A hobgoblin (D:1)
  4 jackals (D:5)
  2 kobolds
  2 quokkas (D:6)
  2 frilled lizards
  A leopard gecko skeleton (D:4)
  2 quokka skeletons
  4 rats
81 creatures vanquished.

Notes
Turn   | Place    | Note
-------+----------+-------------------------------------------
     0 | D:1      | Flugslaktarn the Deep Dwarf Fighter began the quest for the
                  | Orb.
     0 | D:1      | Reached XP level 1. HP: 20/20 MP: 1/1
   158 | D:2      | Reached XP level 2. HP: 22/27 MP: 2/2
   170 | D:2      | Reached skill level 3 in Axes
   170 | D:2      | Reached XP level 3. HP: 28/33 MP: 2/2
   204 | D:3      | Noticed Grinder
   211 | D:3      | Paralysed by Grinder for 6 turns
   356 | D:3      | Paralysed by Grinder for 5 turns
   398 | D:3      | Paralysed by Grinder for 4 turns
   419 | D:3      | Killed Grinder
   419 | D:3      | Reached skill level 4 in Axes
   419 | D:3      | Reached XP level 4. HP: 24/42 MP: 1/1
   419 | D:3      | Reached XP level 5. HP: 28/49 MP: 2/2
   621 | D:4      | Reached XP level 6. HP: 24/56 MP: 3/3
   884 | D:4      | Noticed Blork the orc
   894 | D:4      | Killed Blork the orc
   900 | D:4      | Noticed Ijyb
   922 | D:4      | Killed Ijyb
   922 | D:4      | Reached skill level 5 in Axes
  1603 | D:5      | Entered Level 5 of the Dungeon
  1631 | D:5      | Noticed an ice beast
  1657 | D:5      | Killed an ice beast
  1681 | D:5      | Reached XP level 7. HP: 60/64 MP: 3/3
  1726 | D:5      | Reached skill level 5 in Armour
  1726 | D:5      | Reached skill level 5 in Shields
  1734 | D:5      | Noticed a hungry ghost
  1789 | D:5      | Killed a hungry ghost
  1789 | D:5      | Reached skill level 6 in Axes
  2155 | D:5      | Reached XP level 8. HP: 36/73 MP: 4/4
  2434 | D:5      | Found a runed translucent door.
  2435 | D:5      | Noticed Crazy Yiuf
  2448 | D:5      | Killed Crazy Yiuf
  2782 | D:6      | Noticed surprisetrex's ghost (novice DrCj)
  2783 | D:6      | Found a runed translucent gate.
  2784 | D:6      | Found a runed translucent gate.
  2812 | D:6      | Reached skill level 7 in Axes
  2939 | D:6      | Found a runed translucent gate.
  3051 | D:6      | Found a staircase to the Ecumenical Temple.
  3350 | D:6      | Found a white marble altar of Elyvilon.
  3549 | D:6      | Found a stormy altar of Qazlal.
  3552 | D:6      | Found a snail-covered altar of Cheibriados.
  3557 | D:6      | Found a sacrificial altar of Ru.
  3608 | D:6      | Found Bizummut's Distillery.
  3613 | D:6      | Bought a potion of haste for 150 gold pieces
  3613 | D:6      | Bought a potion of heal wounds for 75 gold pieces
  3635 | D:7      | Reached skill level 5 in Fighting
  3814 | D:7      | Reached skill level 8 in Axes
  3821 | D:7      | Mangled by an orc warrior

Levels and vault maps discovered:
D:1:      dpeg_arrival_snail, layout_basic
D:2:      layout_basic, first_ration, fedhas_altar_3
D:3:      layout_basic, tgw_trog, uniq_grinder
D:4:      layout_basic, uniq_blork_the_orc, uniq_ijyb
D:5:      layout_layer_cave, uniq_crazy_yiuf_cottage
D:6:      layout_cave_pods, kennysheep_mini_moat,
          nicolae_overflow_hidden_temple, minmay_temple_entry_large_hall,
          serial_shops, kennysheep_little_box, gammafunk_ghost_split,
          kennysheep_small_circle
D:7:      layout_basic, the_bakery

Skill      XL: |  1  2  3  4  5  6  7  8 |
---------------+-------------------------+-----
Axes           | 3 4 5 6 8 |  8.0
Fighting       | 3 4 5 |  5.2
Armour         | 4 5 6 |  6.3
Shields        | 4 5 6 |  6.3

Action                   |  1- 3 |  4- 6 |  7- 9 || total
-------------------------+-------+-------+-------++-------
Melee: War axe           |    58 |   108 |   255 ||   421
       Unarmed           |    16 |       |       ||    16
 Abil: Heal Wounds       |     6 |     5 |     6 ||    17
  Use: Scroll            |       |     2 |       ||     2
  Eat: Chunk             |       |     3 |     9 ||    12
       Ration            |       |       |     2 ||     2
Armor: Chain mail        |    44 |    55 |   126 ||   225
       Skin              |     1 |       |       ||     1
Dodge: Dodged            |    18 |    26 |    51 ||    95
Block: Kite shield       |    42 |    58 |   119 ||   219

Table legend:
 A = Non-vault XP
 B = Vault XP
 C = Vault XP percentage of total XP
 D = Non-vault monster count
 E = Vault monster count
 F = Vault count percentage of total count
                 A         B        C        D         E       F
            +---------+---------+-------+---------+---------+-------
      Total |    1905 |     442 |  18.8 |      75 |       6 |   7.4
            +---------+---------+-------+---------+---------+-------
        D:1 |       8 |       0 |   0.0 |       5 |       0 |   0.0
        D:2 |      51 |       0 |   0.0 |       8 |       0 |   0.0
        D:3 |      12 |     267 |  95.7 |       6 |       1 |  14.3
        D:4 |     101 |     126 |  55.5 |      12 |       2 |  14.3
        D:5 |     909 |      44 |   4.6 |      21 |       1 |   4.5
        D:6 |     429 |       5 |   1.2 |      14 |       2 |  12.5
        D:7 |     395 |       0 |   0.0 |       9 |       0 |   0.0
            +---------+---------+-------+---------+---------+-------
